 Dungeon Crawl Stone Soup version 0.29-a0-813-g4a14ea37d6 (webtiles) character file.

Game seed: 14488098237280130828

242 croobank the Sneak (level 6, -5/39 HPs)
             Began as an Octopode Fire Elementalist on July 4, 2022.
             Slain by an ice beast (14 damage)
             ... on level 4 of the Dungeon.
             The game lasted 00:08:22 (4957 turns).

croobank the Sneak (Octopode Fire Elementalist)     Turns: 4957, Time: 00:08:23

Health: -5/39      AC:  1    Str:  7    XL:     6   Next: 9%
Magic:  2/10       EV: 13    Int: 19    God:
Gold:   188        SH:  0    Dex: 13    Spells: 0/10 levels left

rFire   . . .      SeeInvis .   e - +0 dagger
rCold   . . .      Faith    .   (no shield)
rNeg    . . .      Spirit   .   (helmet restricted)
rPois   .          Reflect  .   (no amulet)
rElec   .          Harm     .   (no ring)
rCorr   .          Rampage  .   (no ring)
Will    .....                   (no ring)
Stlth   ++++......              (no ring)
HPRegen 0.13/turn               (no ring)
MPRegen 0.12/turn               (no ring)
                                (no ring)
                                (no ring)

@: swift (expiring), very quick
A: almost no armour, amphibious, 8 rings, camouflage 1, gelatinous body 1,
(nimble swimmer 1), tentacles
a: no special abilities


You were on level 4 of the Dungeon.
You visited 1 branch of the dungeon, and saw 5 of its levels.

You collected 188 gold pieces.

Inventory:

Hand Weapons
 b - a +0 sling
 e - a +0 dagger (weapon)
 k - a +0 short sword
 l - a +0 trident
 n - a +0 dagger of electrocution
 o - a +0 hand axe
Missiles
 q - 3 poisoned darts
Jewellery
 m - an amulet of faith
Scrolls
 i - 2 scrolls of blinking
 j - 4 scrolls of teleportation
Potions
 a - 6 potions of haste
 c - a potion of attraction
 d - a potion of brilliance
 f - a potion of heal wounds
 g - a potion of invisibility
 h - 2 potions of curing
 p - a potion of degeneration
 r - a potion of might {unknown}
 s - 2 potions of mutation {unknown}
 t - a potion of magic
 u - a potion of lignification {unknown}
 v - a potion of cancellation {unknown}


   Skills:
 + Level 1.8 Fighting
 + Level 3.0 Dodging
 + Level 4.3 Stealth
 + Level 2.8 Spellcasting
 + Level 2.6 Conjurations
 + Level 3.8 Fire Magic


You couldn't memorise any spells.
You knew the following spells:

 Your Spells              Type           Power      Damage    Failure   Level
a - Foxfire               Conj/Fire      56%        2x1d6     4%          1
b - Scorch                Fire           34%        2d6       4%          2
c - Flame Wave            Conj/Fire      14%        2d6       38%         4
d - Swiftness             Air            2%         N/A       43%         3

Your spell library contained the following spells:

 Spells                   Type           Power      Damage    Failure   Level
 Conjure Flame            Conj/Fire      14%        6-21      12%         3
 Summon Small Mammal      Summ           8%         N/A       16%         1
 Inner Flame              Hex/Fire       10%        N/A       22%         3
 Ensorcelled Hibernation  Hex/Ice        4%         N/A       24%         2
 Passwall                 Tmut/Erth      1%         N/A       24%         2
 Call Canine Familiar     Summ           2%         N/A       43%         3
 Summon Guardian Golem    Hex/Summ       2%         N/A       43%         3


Dungeon Overview and Level Annotations

Branches:
Dungeon (5/15)
 Temple: D:4-7

Altars:
Okawaru
Trog


Innate Abilities, Weirdness & Mutations

You cannot wear most types of armour.
You are amphibious.
You can wear up to eight rings at the same time.
Your skin changes colour to match your surroundings (Stealth+).
Your rubbery body absorbs attacks. (AC +1, EV +1)
((You are camouflaged when in or above water. (Stealth+)))
You have tentacles for arms and can constrict up to eight enemies at once.


Message History

Done waiting.
This spell is quite dangerous to cast!
Memorise Swiftness, consuming 3 spell levels and leaving 0?
You start memorising the spell.
You continue memorising. x3
You finish memorising.
Spell assigned to 'd'.
Casting: Scorch (safe; 4% risk of failure)
Confirm with . or Enter, or press ? or * to list all spells.
You don't know that spell.
Casting: Scorch (safe; 4% risk of failure)
Confirm with . or Enter, or press ? or * to list all spells.
The spell is quite dangerous to miscast (43% risk of failure)!
Continue anyway?
You feel quick.
You climb downwards.
The iguana barely misses you. The iguana bites you.
There is a stone staircase leading up here.
The iguana barely misses you. The ice beast hits you.
The ice beast freezes you!
You climb upwards.
You start to feel a little slower.
There is a stone staircase leading down here.
Casting: Swiftness (quite dangerous; 43% risk of failure)
Confirm with . or Enter, or press ? or * to list all spells.
The spell is extremely dangerous to miscast (38% risk of failure)!
Continue anyway?
Casting: Flame Wave (extremely dangerous; 38% risk of failure)
Press: ? - help, Dir - look around, f - activate A wave of flame ripples out!
The flame wave engulfs the ice beast!
The ice beast melts!
The ice beast is moderately wounded.
The flame wave engulfs the iguana!
The iguana is heavily wounded. (Press . to intensify the flame waves.)
The iguana bites you. The ice beast barely misses you.
A wave of flame ripples out!
The flame wave engulfs the ice beast!
The ice beast melts!
The ice beast is heavily wounded.
The flame wave engulfs the iguana.
The iguana is almost dead.
The iguana completely misses you. The ice beast hits you.
* * * LOW HITPOINT WARNING * * *
The ice beast freezes you!
You die...

....................# ##.#..#.#..
.......####.###.##..####.#..#.#..
######.# #.# #.##...............
######.# #.# #.##.#######.......
.......# #.# #.##.# #.##.##.
######.####.###.##.# #.......
######.............# #.#.....
................##.#########..##.
######.#.##.#...@Y...............
.................l............##.
######.#.##.#.................##.
###..............#####.#.###..##.
.................# #.#.# #.....
###.##.######....# #.#.# #.#...
###.##.##.# #....# #_#.###.#.##
.......##.###....#####.#.........
###.#..................#.......##


You could see an ice beast and an iguana.

Vanquished Creatures
  2 hounds
  2 jellies (D:4)
  Robin (D:3)
  3 adders
  2 ufetubi (D:4)
  2 worms (D:4)
  A dart slug (D:1)
  2 orcs (D:4)
  2 endoplasms
  3 giant cockroaches
  10 goblins (D:3)
  6 hobgoblins
  2 jackals (D:1)
  7 kobolds
  5 quokkas
  6 ball pythons
  4 bats
  A frilled lizard (D:2)
  6 rats
67 creatures vanquished.

Vanquished Creatures (collateral kills)
  A bat (D:2)
1 creature vanquished.

Vanquished Creatures (others)
  125 foxfires
125 creatures vanquished.

Grand Total: 193 creatures vanquished

Notes
Turn   | Place    | Note
-------+----------+-------------------------------------------
     0 | D:1      | croobank the Octopode Fire Elementalist began the quest for
                  | the Orb.
     0 | D:1      | Reached XP level 1. HP: 11/11 MP: 3/3
   455 | D:1      | Reached XP level 2. HP: 17/17 MP: 3/5
   458 | D:1      | Learned a level 2 spell: Scorch
   464 | D:1      | Reached skill level 3 in Stealth
   901 | D:1      | Found a faded altar of an unknown god.
  1208 | D:1      | Reached XP level 3. HP: 21/21 MP: 1/6
  2223 | D:2      | Found an iron altar of Okawaru.
  2436 | D:3      | Reached skill level 1 in Fighting
  2436 | D:3      | Reached XP level 4. HP: 28/28 MP: 7/7
  2640 | D:3      | Noticed Robin
  2649 | D:3      | Killed Robin
  3188 | D:3      | You fall into a shaft and drop 2 floors!
  3188 | D:5      | Entered Level 5 of the Dungeon
  3211 | D:5      | Reached XP level 5. HP: 21/33 MP: 3/8
  3211 | D:5      | Noticed an ice beast
  3839 | D:4      | Reached skill level 4 in Stealth
  4037 | D:4      | Found a bloodstained altar of Trog.
  4682 | D:4      | Reached XP level 6. HP: 39/39 MP: 2/10
  4847 | D:4      | Learned a level 4 spell: Flame Wave
  4951 | D:4      | Learned a level 3 spell: Swiftness
  4957 | D:4      | Slain by an ice beast

Illustrated notes

Levels and vault maps discovered:
D:1:      minmay_arrival_up_and_down, layout_loops_ring,
          ebering_ecumenical_altar_petrified, minmay_misc_feat_five,
          chequers_serial_rivers_room_b
D:2:      layout_loops_cross, basic_altar, amcnicky_mini_pool_small,
          minmay_fractal_squares_gapless_5
D:3:      layout_loops_ring, uniq_robin
D:4:      layout_basic, overflow_temple_1_default
D:5:      layout_basic, serial_shops, nicolae_shop_waterfront, st_stairs_8

Skill      XL: |  1  2  3  4  5 |
---------------+----------------+-----
Stealth        | 3 4 |  4.3
Fighting       | 1 |  1.8
Conjurations   | 2 |  2.6
Dodging        | 3 |  3.0
Spellcasting   | |  2.8
Fire Magic     | |  3.8

Action                   |  1- 3 |  4- 6 || total
-------------------------+-------+-------++-------
Melee: Unarmed           |    14 |       ||    14
       Constrict         |     5 |     6 ||    11
       Tentacles         |     3 |     5 ||     8
       Dagger            |     1 |    24 ||    25
 Cast: Foxfire           |    30 |    45 ||    75
       Scorch            |    12 |    12 ||    24
       Swiftness         |       |     1 ||     1
       Flame Wave        |       |     1 ||     1
  Use: Scroll            |     8 |     6 ||    14
Armor: Skin              |     1 |     1 ||     2
Dodge: Dodged            |    10 |    18 ||    28

Table legend: (Time is in decaauts)
 A = Elapsed time spent in this place.
 B = Non-inter-level travel time spent in this place.
 C = Inter-level travel time spent in this place.
 D = Time resting spent in this place.
 E = Time spent auto-exploring this place.
 F = Levels seen in this place.
 G = Mean time per level.
                   A        B        C        D        E       F      G
               +--------+--------+--------+--------+--------+-----+--------+
         Total |   4957 |   4826 |    131 |    837 |   3375 |   5 |  991.4 |
       Dungeon |   4957 |   4826 |    131 |    837 |   3375 |   5 |  991.4 |
               +--------+--------+--------+--------+--------+-----+--------+

Top non-repeatable levels by time:
     D:4: 1584 daAuts
     D:1: 1531 daAuts
     D:3: 954 daAuts
     D:2: 854 daAuts
     D:5: 33 daAuts
